 Dungeon Crawl Stone Soup version 0.30-a0-634-g8abc85282e (webtiles) character file.

Game seed: 15509066996797469853

865 timneilson the Covered (level 8, 0/48 HPs)
             Began as a Gargoyle Fighter on Jan 15, 2023.
             Slain by an orc wizard
             ... wielding a +0 dagger
              (2 damage)
             ... on level 4 of the Dungeon.
             The game lasted 00:07:31 (2805 turns).

timneilson the Covered (Gargoyle Fighter)           Turns: 2805, Time: 00:07:31

Health: 0/48       AC: 15    Str: 21    XL:     8   Next: 3%
Magic:  8/8        EV: 10    Int: 10    God:
Gold:   181        SH:  0    Dex:  9    Spells: 7/7 levels left

rFire   . . .      SeeInvis .    a - +1 long sword
rCold   . . .      Faith    .    c - +1 buckler
rNeg    + + .      Spirit   .    h - +2 scale mail {rN+}
rPois   ∞          Reflect  .    (no helmet)
rElec   +          Harm     .    (no cloak)
rCorr   .          Rampage  .    (no gloves)
Will    .....                    (no boots) Stlth
                                 (no amulet)
HPRegen 0.28/turn                (no ring)
MPRegen 0.11/turn                (no ring)

@: confused, on berserk cooldown, hasted and slowed, studying Armour
A: sickness immunity, AC +5, negative energy resistance 1, electricity
resistance, torment resistance 1, petrification resistance
a: no special abilities


You were on level 4 of the Dungeon.
You visited 1 branch of the dungeon, and saw 4 of its levels.

You collected 181 gold pieces.

Inventory:

Hand Weapons
 a - a +1 long sword (weapon)
Missiles
 n - a throwing net (quivered)
Armour
 c - a +1 buckler (worn)
 h - a +2 scale mail of positive energy (worn)
Jewellery
 m - a ring of ice
Wands
 p - a wand of acid (14)
 r - a wand of flame (20)
Scrolls
 b - a scroll of enchant armour
 f - a scroll of vulnerability
 o - a scroll of magic mapping
 s - a scroll of identify
Potions
 d - a potion of flight
 e - a potion of curing
 g - 2 potions of ambrosia
 i - 2 potions of mutation
 l - 2 potions of degeneration {unknown}
 q - a potion of cancellation {unknown}
 t - a potion of brilliance {unknown}


   Skills:
 + Level 4.6 Fighting
 * Level 4.1 Long Blades
 * Level 7.2 Armour
 + Level 2.1 Dodging
 * Level 5.7 Shields
 + Level 1.8 Evocations


You had 7 spell levels left.
You didn't know any spells.
Your spell library was empty.

Dungeon Overview and Level Annotations

Branches:
Dungeon (4/15)
 Temple: D:4-7

Altars:
Hepliaklqana
Nemelex Xobeh


Innate Abilities, Weirdness & Mutations

You are immune to sickness and miasma.
Your stone body is resilient. (AC +5)
You are immune to poison.
You resist negative energy. (rN+)
You are resistant to electric shocks. (rElec)
You are resistant to unholy torment.
You are immune to petrification.


Message History

The magic dart hits you but does no damage.
The orc hits you with a +0 morningstar.
* * * LOW HITPOINT WARNING * * *
The orc barely misses you.
The centaur zombie hits you but does no damage.
The centaur zombie closely misses you.
You closely miss something.
The centaur zombie hits you but does no damage.
The centaur zombie misses you. The orc hits you but does no damage.
Something hits you but does no damage. The orc closely misses you.
The centaur zombie hits you but does no damage.
The centaur zombie kicks you but does no damage.
The orc misses you. Something hits you but does no damage.
The orc hits you but does no damage. The centaur zombie barely misses you.
You block the centaur zombie's attack.
You miss something.
The centaur zombie hits you but does no damage.
The centaur zombie kicks you but does no damage.
Something hits you but does no damage. The orc hits you but does no damage.
The orc closely misses you. The centaur zombie closely misses you.
The centaur zombie barely misses you.
The orc hits you with a +1 war axe of flaming.
* * * LOW HITPOINT WARNING * * *
The orc burns you.
* * * LOW HITPOINT WARNING * * *
Something hits you but does no damage. The orc hits you with a +0 morningstar.
* * * LOW HITPOINT WARNING * * *
The centaur zombie closely misses you. You block the centaur zombie's attack.
Unknown command.
You feel yourself speed up. Something completely misses you.
The orc misses you. You block the orc's attack.
You block the centaur zombie's attack. The centaur zombie barely misses you.
You hear some strange, mumbled words.
You are confused.
The orc barely misses you. The orc hits you but does no damage.
The centaur zombie hits you but does no damage.
The centaur zombie kicks you but does no damage.
You're too confused to move!
The orc hits you but does no damage. The orc closely misses you.
Something hits you.
You die...

#.####### .....#
###........ ......
..#........
#.....####.#........
....#.....#........
#........#........
#..........(......
#.o8..............
#@{...............
#oZ...............
#.........).#........
......#.....#.####...
..>...#.....#.####.##
........###.#.#....##
.#.......#
#.#+#......
..#.......#
#.......... #.....###
#..........


You could see 2 orcs and a centaur zombie.

Vanquished Creatures
  Sigmund (D:2)
  4 phantoms (D:4)
  A centaur zombie (D:4)
  A bullfrog skeleton (D:4)
  An orc priest (D:4)
  2 iguanas (D:4)
  A scorpion zombie (D:4)
  An orc wizard (D:4)
  A hound zombie (D:4)
  2 hound skeletons (D:4)
  A howler monkey zombie (D:4)
  4 gnolls (D:3)
  A howler monkey skeleton (D:4)
  4 adders
  A shadow imp (D:3)
  An adder zombie (D:4)
  An adder skeleton (D:4)
  2 worms
  A dart slug (D:2)
  2 orcs
  6 bats
  8 endoplasms
  7 giant cockroaches
  5 goblins
  4 hobgoblins
  7 jackals (D:2)
  8 kobolds
  5 ball pythons
  3 frilled lizards
  3 rats
89 creatures vanquished.

Vanquished Creatures (others)
  2 withered plants (D:4)
2 creatures vanquished.

Grand Total: 91 creatures vanquished

Notes
Turn   | Place    | Note
-------+----------+-------------------------------------------
     0 | D:1      | timneilson the Gargoyle Fighter began the quest for the
                  | Orb.
     0 | D:1      | Reached XP level 1. HP: 14/14 MP: 1/1
   238 | D:1      | Reached XP level 2. HP: 19/19 MP: 2/2
   520 | D:1      | Identified a scroll of acquirement
   520 | D:1      | Acquired a manual of Armour
   638 | D:2      | Noticed Sigmund
   638 | D:2      | You fall into a shaft and drop 1 floor!
   670 | D:2      | Reached XP level 3. HP: 21/23 MP: 3/3
   755 | D:2      | Reached skill level 4 in Armour
   949 | D:2      | Reached XP level 4. HP: 28/28 MP: 4/4
   980 | D:2      | Killed Sigmund
   981 | D:2      | Reached skill level 5 in Armour
   981 | D:2      | Reached skill level 1 in Dodging
   981 | D:2      | Reached XP level 5. HP: 25/33 MP: 5/5
  1398 | D:3      | Reached XP level 6. HP: 38/38 MP: 6/6
  1487 | D:3      | Found a hazy altar of Hepliaklqana.
  2019 | D:4      | Reached skill level 6 in Armour
  2040 | D:4      | Reached skill level 5 in Shields
  2068 | D:4      | Reached skill level 1 in Evocations
  2068 | D:4      | Reached XP level 7. HP: 37/43 MP: 7/7
  2284 | D:4      | Identified the +1 ring mail of Unambiguity {rElec Str+3}
  2548 | D:4      | Found a sparkling altar of Nemelex Xobeh.
  2790 | D:4      | Reached skill level 7 in Armour
  2798 | D:4      | Reached XP level 8. HP: 28/48 MP: 8/8
  2803 | D:4      | HP: 1/48 [orc/+0 morningstar (4)]
  2805 | D:4      | Slain by an orc wizard

Illustrated notes

Levels and vault maps discovered:
D:1:      dpeg_arrival_houses_and_road, layout_basic, minmay_crystal_water
D:2:      layout_rooms, uniq_sigmund
D:3:      layout_loops_ring, nzn_hepliaklqana_mist_gate
D:4:      layout_basic, lemuel_coloured_pillars_altar,
          nemelex_dance_club_becter, serial_undead, serial_undead_d,
          serial_undead_e, serial_undead_c, serial_undead_c, serial_undead_e,
          serial_undead_f, serial_undead_e, serial_undead_b, serial_undead_a,
          serial_undead_d, serial_park_tiny_1, grunt_tough_drop, uniq_robin

Skill      XL: |  1  2  3  4  5  6  7 |
---------------+----------------------+-----
Long Blades    | 2 3 4 |  4.1
Armour         | 4 5 6 7 |  7.2
Dodging        | 1 2 |  2.1
Shields        | 4 5 |  5.7
Fighting       | 4 |  4.6
Evocations     | 1 |  1.8

Action                   |  1- 3 |  4- 6 |  7- 9 || total
-------------------------+-------+-------+-------++-------
Melee: Long sword        |   103 |   191 |   159 ||   453
  Use: Scroll            |     5 |    12 |       ||    17
       Potion            |       |     2 |     5 ||     7
Armor: Scale mail        |    62 |   115 |   161 ||   338
Dodge: Dodged            |    54 |    83 |   124 ||   261
Block: Buckler           |    24 |    56 |    68 ||   148

Table legend: (Time is in decaauts)
 A = Elapsed time spent in this place.
 B = Non-inter-level travel time spent in this place.
 C = Inter-level travel time spent in this place.
 D = Time resting spent in this place.
 E = Time spent auto-exploring this place.
 F = Levels seen in this place.
 G = Mean time per level.
                   A        B        C        D        E       F      G
               +--------+--------+--------+--------+--------+-----+--------+
         Total |   2944 |   2900 |     44 |    199 |   1610 |   4 |  736.0 |
       Dungeon |   2944 |   2900 |     44 |    199 |   1610 |   4 |  736.0 |
               +--------+--------+--------+--------+--------+-----+--------+

Top non-repeatable levels by time:
     D:4: 920 daAuts
     D:3: 819 daAuts
     D:1: 647 daAuts
     D:2: 558 daAuts
